 Dungeon Sprint DCSS version 0.31-a0-521-gc7390f8997 (webtiles) character file.

Game seed: 1257071845186233685

4365 rocky1 the Imperceptible (level 10, -2/96 HPs)
             Began as a Gargoyle Brigand on Aug 11, 2023.
             Was an Initiate of Gozag.
             Slain by a demonic crawler (10 damage)
             ... in the Dungeon (Sprint I: "Red Sonja").
             The game lasted 00:04:44 (1633 turns).

rocky1 the Imperceptible (Gargoyle Brigand)         Turns: 1633, Time: 00:04:45

Health: -2/96      AC: 10    Str: 16    XL:     10   Next: 34%
Magic:  10/10      EV: 13    Int: 11    God:    Gozag
Gold:   1498       SH:  0    Dex: 15    Spells: 9/9 levels left

rFire   . . .        t - +0 rapier
rCold   . . .        (no shield)
rNeg    + . .        b - +0 robe
rPois   ∞            (no helmet)
rElec   +            c - +0 cloak
rCorr   .            (no gloves)
SInv    .            (no boots)
Will    .....        (no amulet) Stlth
                     (no ring)
HPRegen 0.36/turn    (no ring)
MPRegen 0.12/turn

%: no teleportation
@: berserking, hasted, very quick
A: sickness immunity, AC +7, negative energy resistance 1, electricity
resistance, torment resistance 1, petrification resistance
a: Renounce Religion, Potion Petition, Call Merchant, Bribe Branch


You were in the Dungeon.
You worshipped Gozag.
Gozag was most pleased with you.
You visited 1 branch You collected 2071 gold pieces.
You spent 135 gold pieces at shops.
You paid 438 gold pieces to Gozag.

Inventory:

Hand Weapons
 a - a +2 dagger
 n - a +2 dagger of venom
 t - a +0 rapier (weapon)
Missiles
 d - 9 poisoned darts
 e - 7 curare-tipped darts (quivered)
Armour
 b - a +0 robe (worn)
 c - a +0 cloak (worn)
Wands
 l - a wand of paralysis (7)
Scrolls
 p - a scroll of poison {unknown}
 q - a scroll of summoning {unknown}
 s - a scroll of amnesia
Potions
 f - 4 potions of curing
 g - a potion of heal wounds
 i - 2 potions of magic
 m - a potion of resistance {unknown}
 o - 2 potions of lignification {unknown}
 r - 2 potions of invisibility {unknown}


   Skills:
 + Level 8.0 Fighting
 * Level 9.6 Short Blades
 - Level 6.1 Throwing
 + Level 4.3 Dodging
 + Level 21.9 Stealth
 + Level 1.1 Evocations


You had 9 spell levels left.
You didn't know any spells.
Your spell library contained the following spells:

 Spells                   Type           Power      Damage    Failure   Level
 Necrotise                Necr           0%         1d4       34%         1
 Vampiric Draining        Necr           0%         2d6       71%         3
 Agony                    Necr           0%         N/A       100%        5


Dungeon Overview and Level Annotations

Branches:
Dungeon (1/1)

Altars:
Cheibriados
Dithmenos
Elyvilon
Fedhas
Gozag
Hepliaklqana
Kikubaaqudgha
Makhleb
Nemelex Xobeh
Okawaru
Qazlal
Ru
Sif Muna
Trog
Uskayaw
Vehumet
Wu Jian
Xom
Yredelemnul
Zin
The Shining One
Jiyva
Lugonu

Shops:
D *(([


Innate Abilities, Weirdness & Mutations

You are immune to sickness and miasma.
Your stone body is resilient. (AC +7)
You are immune to poison.
You resist negative energy. (rN+)
You are resistant to electric shocks. (rElec)
You are resistant to unholy torment.
You are immune to petrification.


Message History

The demonic crawler is lightly wounded.
The demonic crawler hits you. The demonic crawler barely misses you.
The demonic crawler completely misses you.
You puncture the demonic crawler!
The demonic crawler is moderately wounded.
The demonic crawler hits you but does no damage.
The demonic crawler hits you.
The demonic crawler completely misses you.
You barely miss the demonic crawler.
The demonic crawler is lightly wounded.
You hit the demonic crawler. Your punch misses the demonic crawler.
The demonic crawler is lightly wounded.
The demonic crawler hits you. x3
You hit the demonic crawler.
The demonic crawler is lightly wounded.
You barely miss the demonic crawler.
The demonic crawler is lightly wounded.
The demonic crawler hits you but does no damage.
The demonic crawler hits you. The demonic crawler barely misses you.
You barely miss the demonic crawler. You puncture the demonic crawler!
The demonic crawler is lightly wounded.
The demonic crawler hits you.
The demonic crawler barely misses you. x2
You barely miss the demonic crawler.
The demonic crawler is lightly wounded.
The demonic crawler hits you.
* * * LOW HITPOINT WARNING * * *
The demonic crawler hits you!
* * * LOW HITPOINT WARNING * * *
The demonic crawler hits you.
* * * LOW HITPOINT WARNING * * *
You hit the demonic crawler.
The demonic crawler is lightly wounded.
You hit the demonic crawler but do no damage.
The demonic crawler is lightly wounded.
The demonic crawler misses you. The demonic crawler hits you.
* * * LOW HITPOINT WARNING * * *
The demonic crawler hits you!
You die...
Your body crumbles into a pile of gold.

#...#.####§§#####s.+$
$ $ #..##s#~§§§)#..#
+## $ $$
##'#§.§s§§s§§§.# $
.'...§#~~§§)#§.# $$$
##_.#'##'#####s###
###'#)#..).###.'.#
###.####'###.###s#
.'...'.....'.∩##s# $$
##...###########@# $$
$ $ ###.### #§#


$$$$$$$$$ #.#'#.# +§# $$$$$$$$$ #.....# #.# $$$$$$ #.(...# #§# $$$ ####### +§# $
### $ $ $ You could see 2 demonic crawlers.

Vanquished Creatures
  2 centaur warriors (D)
  Sonja (D)
  A deep troll (D)
  An oklob plant (D)
  2 kobold demonologists (D)
  A hornet (D)
  A slime creature (D)
  Sigmund (D)
  A yak (D)
  2 redbacks (D)
  A floating eye (D)
  An ogre (D)
  A jelly (D)
  Ijyb (D)
  A ballistomycete spore (D)
18 creatures vanquished.

Vanquished Creatures (others)
  A ballistomycete spore (D)
1 creature vanquished.

Grand Total: 19 creatures vanquished

Notes
Turn   | Place    | Note
-------+----------+-------------------------------------------
     0 | D        | rocky1 the Gargoyle Brigand began the quest for the Orb.
     0 | D        | Reached XP level 1. HP: 12/12 MP: 1/1
     2 | D        | Noticed Ijyb
    10 | D        | Paralysed by Ijyb for 3 turns
    11 | D        | Killed Ijyb
    12 | D        | Reached skill level 1 in Dodging
    12 | D        | Reached skill level 7 in Stealth
    12 | D        | Reached XP level 2. HP: 18/18 MP: 2/2
    12 | D        | Reached XP level 3. HP: 22/22 MP: 3/3
   417 | D        | Noticed an ogre
   420 | D        | Killed an ogre
   421 | D        | Reached skill level 10 in Stealth
   421 | D        | Reached XP level 4. HP: 29/29 MP: 4/4
   532 | D        | Noticed Sigmund
   535 | D        | Killed Sigmund
   536 | D        | Reached skill level 13 in Stealth
   536 | D        | Reached XP level 5. HP: 34/34 MP: 5/5
   536 | D        | Reached XP level 6. HP: 39/39 MP: 6/6
   651 | D        | Found an ornate altar of the Wu Jian Council.
   651 | D        | Found a shimmering blue altar of Sif Muna.
   653 | D        | Found a radiant altar of Vehumet.
   685 | D        | Found Dosm's Antique Weapon Emporium.
   685 | D        | Found an ancient bone altar of Kikubaaqudgha.
   685 | D        | Found a hazy altar of Hepliaklqana.
   685 | D        | Found a stormy altar of Qazlal.
   685 | D        | Found a hide-covered altar of Uskayaw.
   685 | D        | Found a blossoming altar of Fedhas.
   685 | D        | Found a bloodstained altar of Trog.
   685 | D        | Found an iron altar of Okawaru.
   685 | D        | Found a basalt altar of Yredelemnul.
   685 | D        | Found a glowing golden altar of the Shining One.
   685 | D        | Found a snail-covered altar of Cheibriados.
   685 | D        | Found a sacrificial altar of Ru.
   685 | D        | Found a glowing silver altar of Zin.
   685 | D        | Found a shadowy altar of Dithmenos.
   685 | D        | Found a white marble altar of Elyvilon.
   685 | D        | Noticed a yak
   686 | D        | Found an opulent altar of Gozag.
   687 | D        | Killed a yak
   688 | D        | Reached skill level 5 in Fighting
   688 | D        | Reached skill level 14 in Stealth
   688 | D        | Reached XP level 7. HP: 44/44 MP: 7/7
   688 | D        | Found a sparkling altar of Nemelex Xobeh.
   693 | D        | Became a worshipper of Gozag Ym Sagoz the Greedy
   717 | D        | Noticed Sonja
   721 | D        | Killed Sonja
   722 | D        | Reached skill level 5 in Short Blades
   722 | D        | Reached skill level 5 in Throwing
   722 | D        | Reached skill level 17 in Stealth
   722 | D        | Reached XP level 8. HP: 51/51 MP: 8/8
   790 | D        | Found Ojopnuge's Assorted Antiques.
   798 | D        | Bought a lumpy cyan potion for 21 gold pieces
   798 | D        | Bought a scroll labelled JAMUEK SIAFRE for 24 gold pieces
   798 | D        | Bought a scroll labelled TAIMYTRAWEFF for 24 gold pieces
   798 | D        | Bought a fuming green potion for 21 gold pieces
   798 | D        | Bought a scroll labelled BEUHOS YMUO for 24 gold pieces
   798 | D        | Bought a lumpy cyan potion for 21 gold pieces
   810 | D        | Noticed a deep troll
   814 | D        | Killed a deep troll
   815 | D        | Reached skill level 19 in Stealth
   821 | D        | Found Ylioceo's Armour Emporium.
   859 | D        | Noticed a centaur warrior
   859 | D        | Noticed a centaur warrior
   861 | D        | Killed a centaur warrior
   862 | D        | Reached skill level 20 in Stealth
   862 | D        | Reached XP level 9. HP: 56/56 MP: 9/9
   875 | D        | HP: 2/84 [centaur warrior (10)]
   878 | D        | Killed a centaur warrior
  1160 | D        | Noticed a hornet
  1163 | D        | Killed a hornet
  1164 | D        | Reached skill level 21 in Stealth
  1175 | D        | Noticed an oklob plant
  1177 | D        | Killed an oklob plant
  1178 | D        | Reached XP level 10. HP: 63/63 MP: 10/10
  1330 | D        | Found a burning altar of Makhleb.
  1330 | D        | Found a viscous altar of Jiyva.
  1330 | D        | Found a shimmering altar of Xom.
  1330 | D        | Found a corrupted altar of Lugonu.
  1577 | D        | Noticed a kobold demonologist
  1578 | D        | Noticed a kobold demonologist
  1580 | D        | Killed a kobold demonologist
  1581 | D        | Reached skill level 1 in Evocations
  1583 | D        | Killed a kobold demonologist
  1595 | D        | Noticed a demonic crawler
  1595 | D        | Noticed a demonic crawler
  1595 | D        | Noticed a demonic crawler
  1595 | D        | Noticed a demonic crawler
  1633 | D        | Slain by a demonic crawler

Illustrated notes

Levels and vault maps discovered:
D:        dungeon_sprint_1 [red_sonja_temple_1, red_sonja_temple_small_1]

Skill      XL: |  1  2  3  4  5  6  7  8  9 10 |
---------------+-------------------------------+-----
Short Blades   | 2 3 4 5 6 8 9 |  9.6
Throwing       | 2 3 4 5 6 |  6.1
Dodging        | 1 2 3 4 |  4.3
Stealth        | 7 10 13 14 17 20 21 | 21.9
Fighting       | 3 4 5 6 7 8 |  8.0
Evocations     | 1 |  1.1

Action                     |  1- 3 |  4- 6 |  7- 9 | 10-12 || total
---------------------------+-------+-------+-------+-------++-------
  Melee: Dagger            |     5 |     3 |     3 |       ||    11
         Rapier            |       |       |    16 |    46 ||    62
  Throw: Dart              |     2 |       |       |       ||     2
 Invoke: Call Merchant     |       |       |       |     1 ||     1
  Evoke: Wand              |       |       |     2 |       ||     2
    Use: Potion            |       |       |     1 |     2 ||     3
         Scroll            |       |       |       |     2 ||     2
   Stab: Sleeping          |     2 |     3 |     6 |     5 ||    16
 Armour: Robe              |       |       |    12 |    12 ||    24
  Dodge: Dodged            |     3 |       |    12 |    20 ||    35

Table legend: (Time is in decaauts)
 A = Elapsed time spent in this place.
 B = Non-inter-level travel time spent in this place.
 C = Inter-level travel time spent in this place.
 D = Time resting spent in this place.
 E = Time spent auto-exploring this place.
 F = Levels seen in this place.
 G = Mean time per level.
                   A        B        C        D        E       F      G
               +--------+--------+--------+--------+--------+-----+--------+
         Total |   1626 |   1626 |      0 |   1194 |      0 |   1 | 1626.0 |
       Dungeon |   1626 |   1626 |      0 |   1194 |      0 |   1 | 1626.0 |
               +--------+--------+--------+--------+--------+-----+--------+

Top non-repeatable levels by time:
       D: 1626 daAuts
